MID
BOWLING GREEN HOT RODS @ LANSING LUGNUTS
07/12/2048
 
TOP OF THE 1ST
Bowling Green Hot Rods batting - Pitching for Lansing Lugnuts : RHP William Cordero
Pitching: RHP William Cordero
Batting: RHB Adam Turpin 0-0: Called Strike
0-1: SINGLE (Line Drive, 6MD, EV 98.1 MPH)
Batting: RHB Alex Zamora 0-0: Fly out, F4 (Line Drive, 4, EV 66.9 MPH)
Batting: SHB Wayne Hattan 0-0: Called Strike
0-1: SINGLE (Line Drive, 78S, EV 98.1 MPH)
Adam Turpin to second
Runner from 2nd tries for 3rd, SAFE, no throw by LF
Batting: LHB Mario Ocana 0-0: Ball
1-0: Swinging Strike
1-1: Swinging Strike
1-2: Strikes out swinging
Batting: RHB Isaiah Easter 0-0: Swinging Strike
0-1: Called Strike
0-2: Foul Ball, location: 2F
0-2: Foul Ball, location: 2F
0-2: Ball
1-2: Ball
2-2: Strikes out swinging
Top of the 1st over - 0 runs, 2 hits, 0 errors, 2 left on base; Bowling Green 0 - Lansing 0
BOTTOM OF THE 1ST
Lansing Lugnuts batting - Pitching for Bowling Green Hot Rods : RHP Ryan Van Riper
Pitching: RHP Ryan Van Riper
Batting: LHB Timo Gomez 0-0: Swinging Strike
0-1: Ball
1-1: Ball
2-1: Ball
3-1: Base on Balls
Batting: LHB Frank Nelson 0-0: Ball
1-0: Swinging Strike
1-1: Ball
2-1: Fly out, F8 (Flyball, 8LM, EV 88.8 MPH)
Batting: RHB John Michener 0-0: Ball
1-0: SINGLE (Flyball, 7LS, EV 91.2 MPH)
Timo Gomez to second
Batting: RHB Raul de la Cruz 0-0: Called Strike
Timo Gomez steals 3rd base
John Michener to second
0-1: Ball
1-1: DOUBLE (Line Drive, 78D, EV 100.6 MPH)
Timo Gomez scores
John Michener scores
Batting: RHB John Hering 0-0: Called Strike
0-1: Ball
1-1: Fly out, F7 (Flyball, 78S, EV 94.4 MPH)
Batting: SHB Gregg Whitecotton 0-0: SINGLE (Line Drive, 78S, EV 91.2 MPH)
Raul de la Cruz to third
Runner from 3rd tries for Home, throw by CF and OUT! 8-2
Bottom of the 1st over - 2 runs, 3 hits, 0 errors, 1 left on base; Bowling Green 0 - Lansing 2
TOP OF THE 2ND
Bowling Green Hot Rods batting - Pitching for Lansing Lugnuts : RHP William Cordero
Batting: LHB Sean Banks 0-0: Called Strike
0-1: Called Strike
0-2: Foul Ball, location: 2F
0-2: Foul Ball, location: 2F
0-2: Ball
1-2: Ball
2-2: Foul Ball, location: 2F
2-2: DOUBLE (Line Drive, 3D, EV 95.0 MPH)
Batting: RHB Jason Penfield 0-0: Called Strike
0-1: Called Strike
0-2: Foul Ball, location: 2F
0-2: Ball
1-2: Strikes out swinging
Batting: RHB Jim Erdody 0-0: Called Strike
0-1: Foul Ball, location: 2F
0-2: Ground out 4-3 (Groundball, 4, EV 86.9 MPH)
Sean Banks to third
Batting: LHB Rich Matthews 0-0: Called Strike
0-1: Ball
1-1: Ball
2-1: Ball
3-1: Base on Balls
Batting: RHB Adam Turpin 0-0: Ball
1-0: Ball
2-0: Ball
3-0: Base on Balls
Rich Matthews to second
Batting: RHB Alex Zamora 0-0: Ball
1-0: Swinging Strike
1-1: Ball
2-1: Called Strike
2-2: Strikes out swinging
Top of the 2nd over - 0 runs, 1 hit, 0 errors, 3 left on base; Bowling Green 0 - Lansing 2
BOTTOM OF THE 2ND
Lansing Lugnuts batting - Pitching for Bowling Green Hot Rods : RHP Ryan Van Riper
Batting: RHB Tristan Dennis 0-0: Ball
1-0: Foul Ball, location: 2F
1-1: Ball
2-1: Ball
3-1: Foul Ball, location: 2F
3-2: Foul Ball, location: 2F
3-2: Foul Ball, location: 2F
3-2: Foul Ball, location: 2F
3-2: SINGLE (Groundball, 25, EV 65.6 MPH) (infield hit)
Batting: LHB Roger Escareno 0-0: Ball
1-0: Fly out, F8 (Flyball, 8LXD, EV 85.6 MPH)
Runner from 1st tags up, SAFE at 2nd
Batting: RHB Jose Ontiveros 0-0: Ball
1-0: Ball
2-0: Called Strike
2-1: Ball
3-1: Foul Ball, location: 2F
3-2: Base on Balls
Batting: LHB Timo Gomez 0-0: Called Strike
0-1: 3-RUN HOME RUN (Flyball, 7D, EV 96.9 MPH), Distance : 352 ft
Batting: LHB Frank Nelson 0-0: SINGLE (Line Drive, 6MD, EV 95.6 MPH)
Batting: RHB John Michener 0-0: Ball
1-0: Called Strike
1-1: Ball
2-1: Fielders Choice at 2nd, U4 (Groundball, 6MD, EV 87.5 MPH)
Batting: RHB Raul de la Cruz 0-0: Ball
1-0: Ball
2-0: Swinging Strike
2-1: Foul Ball, location: 2F
2-2: Ball
3-2: TRIPLE (Line Drive, 89XD, EV 100.6 MPH)
John Michener scores
Pitching: RHP Kingo Tsutsumi
Batting: RHB John Hering 0-0: Swinging Strike
0-1: Ball
1-1: Foul Ball, location: 2F
1-2: Ball
2-2: Foul Ball, location: 2F
2-2: Ball
3-2: Ground out 4-3 (Groundball, 4, EV 84.4 MPH)
Bottom of the 2nd over - 4 runs, 4 hits, 0 errors, 1 left on base; Bowling Green 0 - Lansing 6
TOP OF THE 3RD
Bowling Green Hot Rods batting - Pitching for Lansing Lugnuts : RHP William Cordero
Batting: SHB Wayne Hattan 0-0: Fly out, F8 (Flyball, 8LS, EV 89.4 MPH)
Batting: LHB Mario Ocana 0-0: Foul Ball, location: 2F
0-1: Ball
1-1: Foul Ball, location: 2F
1-2: Ball
2-2: Foul Ball, location: 2F
2-2: Foul Ball, location: 2F
2-2: Ball
3-2: SINGLE (Line Drive, 9S, EV 104.4 MPH)
Batting: RHB Isaiah Easter 0-0: Ball
1-0: Called Strike
1-1: Ball
2-1: Reached on error, E6 (Groundball, 6, EV 100.0 MPH)
Mario Ocana to second
Batting: LHB Sean Banks 0-0: Ball
1-0: Fly out, F6 (Popup, 6MS, EV 85.6 MPH)
Batting: RHB Jason Penfield 0-0: Ball
1-0: Ground out 5-3 (Groundball, 56S, EV 78.8 MPH)
Top of the 3rd over - 0 runs, 1 hit, 1 error, 2 left on base; Bowling Green 0 - Lansing 6
BOTTOM OF THE 3RD
Lansing Lugnuts batting - Pitching for Bowling Green Hot Rods : RHP Kingo Tsutsumi
Batting: SHB Gregg Whitecotton 0-0: Ball
1-0: Foul Ball, location: 2F
1-1: Ball
2-1: Ball
3-1: Base on Balls
Batting: RHB Tristan Dennis 0-0: Ball
1-0: Fly out, F9 (Line Drive, 9S, EV 101.9 MPH)
Batting: LHB Roger Escareno 0-0: Ball
1-0: Called Strike
1-1: Ball
2-1: Fielders Choice at 2nd, U6 (Groundball, 4M, EV 101.9 MPH)
Batting: RHB Jose Ontiveros 0-0: Fielders Choice at 2nd, 6-4 (Groundball, 56, EV 103.1 MPH)
Bottom of the 3rd over - 0 runs, 0 hits, 0 errors, 1 left on base; Bowling Green 0 - Lansing 6
TOP OF THE 4TH
Bowling Green Hot Rods batting - Pitching for Lansing Lugnuts : RHP William Cordero
Batting: RHB Jim Erdody 0-0: Ball
1-0: Ball
2-0: SINGLE (Groundball, 56D, EV 103.1 MPH)
Batting: LHB Rich Matthews 0-0: Called Strike
0-1: Called Strike
0-2: Strikes out looking
Batting: RHB Adam Turpin 0-0: Ball
1-0: SINGLE (Line Drive, 7S, EV 91.9 MPH)
Jim Erdody to second
Batting: RHB Alex Zamora 0-0: Ball
1-0: Foul Ball, location: 2F
1-1: Ball
2-1: Called Strike
2-2: Ball
3-2: Foul Ball, location: 2F
3-2: Base on Balls
Jim Erdody to third
Adam Turpin to second
Batting: SHB Wayne Hattan 0-0: Grounds out, U3 (Groundball, 3L, EV 97.5 MPH)
Jim Erdody scores
Adam Turpin to third
Batting: LHB Mario Ocana 0-0: Called Strike
0-1: Ground out 3-1 (Groundball, 34S, EV 73.1 MPH)
Top of the 4th over - 1 run, 2 hits, 0 errors, 2 left on base; Bowling Green 1 - Lansing 6
BOTTOM OF THE 4TH
Lansing Lugnuts batting - Pitching for Bowling Green Hot Rods : RHP Kingo Tsutsumi
Batting: LHB Timo Gomez 0-0: Swinging Strike
0-1: Foul Ball, location: 2F
0-2: Ball
1-2: Strikes out swinging
Batting: LHB Frank Nelson 0-0: Foul Ball, location: 2F
0-1: Foul Ball, location: 2F
0-2: Strikes out swinging
Batting: RHB John Michener 0-0: Ball
1-0: Ball
2-0: Ball
3-0: Called Strike
3-1: Swinging Strike
3-2: Strikes out looking
Bottom of the 4th over - 0 runs, 0 hits, 0 errors, 0 left on base; Bowling Green 1 - Lansing 6
TOP OF THE 5TH
Bowling Green Hot Rods batting - Pitching for Lansing Lugnuts : RHP William Cordero
Batting: RHB Isaiah Easter 0-0: Ball
1-0: Ball
2-0: Foul Ball, location: 2F
2-1: Foul Ball, location: 2F
2-2: Ground out 4-3 (Groundball, 4, EV 105.0 MPH)
Batting: LHB Sean Banks 0-0: Ball
1-0: Ball
2-0: Foul Ball, location: 2F
2-1: Fly out, F9 (Line Drive, 9LM, EV 93.1 MPH)
Batting: RHB Jason Penfield 0-0: Ball
1-0: Called Strike
1-1: Foul Ball, location: 2F
1-2: Strikes out swinging
Top of the 5th over - 0 runs, 0 hits, 0 errors, 0 left on base; Bowling Green 1 - Lansing 6
BOTTOM OF THE 5TH
Lansing Lugnuts batting - Pitching for Bowling Green Hot Rods : RHP Kingo Tsutsumi
Batting: RHB Raul de la Cruz 0-0: Foul Ball, location: 2F
0-1: Ball
1-1: Called Strike
1-2: Ball
2-2: Ball
3-2: SOLO HOME RUN (Flyball, 7D, EV 95.6 MPH), Distance : 367 ft
Batting: RHB John Hering 0-0: Ball
1-0: Called Strike
1-1: Called Strike
1-2: Ball
2-2: Ground out 6-3 (Groundball, P, EV 91.2 MPH)
Batting: SHB Gregg Whitecotton 0-0: Ball
1-0: Ball
2-0: Ball
3-0: Called Strike
3-1: Foul Ball, location: 2F
3-2: Ground out 6-3 (Groundball, 56, EV 111.2 MPH)
Batting: RHB Tristan Dennis 0-0: SINGLE (Line Drive, 34, EV 96.2 MPH)
Batting: LHB Roger Escareno 0-0: Foul Ball, location: 2F
0-1: Fielders Choice at 2nd, 5-4 (Groundball, 56, EV 92.5 MPH)
Bottom of the 5th over - 1 run, 2 hits, 0 errors, 1 left on base; Bowling Green 1 - Lansing 7
TOP OF THE 6TH
Bowling Green Hot Rods batting - Pitching for Lansing Lugnuts : RHP William Cordero
Batting: RHB Jim Erdody 0-0: Ball
1-0: Called Strike
1-1: Foul Ball, location: 2F
1-2: Ball
2-2: SINGLE (Line Drive, 34D, EV 104.4 MPH)
Batting: LHB Rich Matthews 0-0: Ball
1-0: Ball
2-0: Foul Ball, location: 2F
2-1: Swinging Strike
2-2: SINGLE (Line Drive, 4D, EV 95.0 MPH)
Jim Erdody to second
Runner from 2nd tries for 3rd, SAFE, throw by RF made to third
Pitching: LHP Mike Oakes
Batting: RHB Adam Turpin 0-0: Called Strike
0-1: Ball
1-1: Swinging Strike
1-2: Ball
2-2: Ball
3-2: Fly out, F4 (Popup, 34, EV 63.8 MPH)
Batting: RHB Alex Zamora 0-0: Ball
1-0: Foul Ball, location: 2F
1-1: Ball
2-1: Foul Ball, location: 2F
2-2: Ball
Wild Pitch!
Jim Erdody scores
Rich Matthews to second
3-2: Foul Ball, location: 2F
3-2: SINGLE (Line Drive, 4M, EV 96.9 MPH)
Rich Matthews to third
Batting: SHB Wayne Hattan 0-0: Foul Ball, location: 2F
0-1: Ball
1-1: Ball
2-1: DOUBLE (Groundball, 5L, EV 100.0 MPH)
Rich Matthews scores
Alex Zamora to third
Batting: LHB Mario Ocana 0-0: Foul Ball, location: 2F
0-1: Swinging Strike
0-2: Foul Ball, location: 2F
0-2: Ball
1-2: Ball
2-2: Ground out 1-3 (Groundball, 34S, EV 67.5 MPH)
Batting: RHB Isaiah Easter 0-0: TRIPLE (Line Drive, 89XD, EV 102.5 MPH)
Alex Zamora scores
Wayne Hattan scores
Batting: LHB Sean Banks 0-0: Called Strike
0-1: Ball
1-1: Ball
2-1: Foul Ball, location: 2F
2-2: Ground out 4-3 (Groundball, 4, EV 107.5 MPH)
Top of the 6th over - 4 runs, 5 hits, 0 errors, 1 left on base; Bowling Green 5 - Lansing 7
BOTTOM OF THE 6TH
Lansing Lugnuts batting - Pitching for Bowling Green Hot Rods : RHP Kingo Tsutsumi
Pitching: RHP Josh Heath
Batting: RHB Jose Ontiveros 0-0: Foul Ball, location: 2F
0-1: Called Strike
0-2: Ball
1-2: Foul Ball, location: 2F
1-2: Ball
2-2: Strikes out swinging
Batting: LHB Timo Gomez 0-0: Ball
1-0: Ball
2-0: SINGLE (Line Drive, 56D, EV 99.4 MPH)
Batting: LHB Frank Nelson 0-0: Ball
1-0: Swinging Strike
1-1: Ball
2-1: Called Strike
Timo Gomez is caught stealing 2nd base 2-6
2-2: Ball
3-2: Ground out 4-3 (Groundball, 4, EV 90.0 MPH)
Bottom of the 6th over - 0 runs, 1 hit, 0 errors, 0 left on base; Bowling Green 5 - Lansing 7
TOP OF THE 7TH
Bowling Green Hot Rods batting - Pitching for Lansing Lugnuts : LHP Mike Oakes
Pitching: RHP Bill Couch
Now in RF: Julio Canseco
Batting: RHB Jason Penfield 0-0: Swinging Strike
0-1: Foul Ball, location: 2F
0-2: Ball
1-2: Foul Ball, location: 2F
1-2: Strikes out looking
Batting: RHB Jim Erdody 0-0: Foul Ball, location: 2F
0-1: Ball
1-1: SINGLE (Line Drive, 4D, EV 95.0 MPH)
Batting: LHB Rich Matthews 0-0: Ball
1-0: Swinging Strike
1-1: Foul Ball, location: 2F
1-2: Ball
2-2: Ball
3-2: Base on Balls
Jim Erdody to second
Batting: RHB Adam Turpin 0-0: Foul Ball, location: 2F
0-1: Ball
1-1: Ball
2-1: Ball
3-1: Base on Balls
Jim Erdody to third
Rich Matthews to second
Batting: RHB Alex Zamora 0-0: Called Strike
0-1: Ball
1-1: Ball
2-1: DOUBLE (Line Drive, 89XD, EV 104.4 MPH)
Jim Erdody scores
Rich Matthews scores
Adam Turpin to third
Runner from 3rd tries for Home, SAFE, throw by CF to trailing runner, SAFE at third!
Batting: SHB Wayne Hattan 0-0: SINGLE (Groundball, 4MD, EV 106.2 MPH)
Alex Zamora scores
Pitching: RHP Scott Lowry
Batting: LHB Mario Ocana 0-0: Ball
1-0: Called Strike
1-1: Fly out, F8 (Flyball, 8LM, EV 87.5 MPH)
Batting: RHB Isaiah Easter 0-0: Called Strike
0-1: Ball
1-1: Swinging Strike
1-2: Ball
2-2: SINGLE (Groundball, 56S, EV 65.6 MPH) (infield hit)
Wayne Hattan to second
Batting: LHB Sean Banks 0-0: Ball
1-0: Swinging Strike
1-1: Swinging Strike
1-2: Ground out U3 (Groundball, 3, EV 106.9 MPH)
Top of the 7th over - 4 runs, 4 hits, 0 errors, 2 left on base; Bowling Green 9 - Lansing 7
BOTTOM OF THE 7TH
Lansing Lugnuts batting - Pitching for Bowling Green Hot Rods : RHP Josh Heath
Batting: RHB John Michener 0-0: Ball
1-0: SINGLE (Line Drive, 9LS, EV 90.6 MPH)
Batting: RHB Raul de la Cruz 0-0: Called Strike
0-1: Ball
1-1: Ball
2-1: Foul Ball, location: 2F
2-2: Foul Ball, location: 2F
2-2: Strikes out swinging
Batting: RHB John Hering 0-0: Ball
1-0: Called Strike
John Michener steals 2nd, throwing error, E2
John Michener to third
1-1: Ball
2-1: Ball
3-1: Base on Balls
Batting: SHB Gregg Whitecotton 0-0: Called Strike
0-1: Ball
1-1: Called Strike
1-2: Ball
2-2: Foul Ball, location: 2F
2-2: Foul Ball, location: 2F
2-2: Foul Ball, location: 2F
2-2: Strikes out swinging
Batting: RHB Tristan Dennis 0-0: Ball
John Hering steals 2nd base (no throw)
1-0: Foul Ball, location: 2F
1-1: Ball
2-1: Ball
3-1: SINGLE (Groundball, 4M, EV 95.6 MPH)
John Michener scores
John Hering to third
Runner from 3rd tries for Home, throw by CF and OUT! 8-2
Bottom of the 7th over - 1 run, 2 hits, 1 error, 1 left on base; Bowling Green 9 - Lansing 8
TOP OF THE 8TH
Bowling Green Hot Rods batting - Pitching for Lansing Lugnuts : RHP Scott Lowry
Batting: RHB Jason Penfield 0-0: Ball
1-0: Swinging Strike
1-1: Called Strike
1-2: Strikes out swinging
Batting: RHB Jim Erdody 0-0: Called Strike
0-1: Ball
1-1: Foul Ball, location: 2F
1-2: SINGLE (Groundball, 6MD, EV 101.9 MPH)
Batting: LHB Rich Matthews 0-0: Ball
1-0: Called Strike
1-1: Foul Ball, location: 2F
1-2: Fly out, F8 (Flyball, 8LD, EV 102.5 MPH)
Batting: RHB Adam Turpin 0-0: Called Strike
0-1: Ball
1-1: Called Strike
1-2: Strikes out looking
Top of the 8th over - 0 runs, 1 hit, 0 errors, 1 left on base; Bowling Green 9 - Lansing 8
BOTTOM OF THE 8TH
Lansing Lugnuts batting - Pitching for Bowling Green Hot Rods : RHP Josh Heath
Pitching: RHP Bill Alicea
Now at 2B: Kunizo Yanagisawa
Now at SS: Chris Glavin
Batting: LHB Roger Escareno 0-0: Ground out 4-3 (Groundball, 4, EV 94.4 MPH)
Batting: RHB Jose Ontiveros 0-0: Called Strike
0-1: Foul Ball, location: 2F
0-2: Foul Ball, location: 2F
0-2: Ball
1-2: Foul Ball, location: 2F
1-2: Foul Ball, location: 2F
1-2: Ground out 1-3 (Groundball, 13S, EV 71.2 MPH)
Batting: LHB Timo Gomez 0-0: Swinging Strike
0-1: Ball
1-1: Foul Ball, location: 2F
1-2: Ball
2-2: Foul Ball, location: 2F
2-2: Ball
3-2: SINGLE (Line Drive, 7LS, EV 107.5 MPH)
Batting: LHB Julio Canseco 0-0: Ball
Timo Gomez steals 2nd base
1-0: Fly out, F8 (Flyball, 78D, EV 96.2 MPH)
Bottom of the 8th over - 0 runs, 1 hit, 0 errors, 1 left on base; Bowling Green 9 - Lansing 8
TOP OF THE 9TH
Bowling Green Hot Rods batting - Pitching for Lansing Lugnuts : RHP Scott Lowry
Pitching: RHP David Tooley
Batting: RHB Alex Zamora 0-0: Ball
1-0: Called Strike
1-1: SINGLE (Groundball, 6MD, EV 106.9 MPH)
Batting: SHB Wayne Hattan 0-0: Ball
Balk!
Alex Zamora to second
1-0: Called Strike
1-1: Ball
2-1: SINGLE (Groundball, 34D, EV 110.0 MPH)
Alex Zamora to third
Batting: LHB Mario Ocana 0-0: Swinging Strike
0-1: Swinging Strike
0-2: Strikes out swinging
Batting: RHB Isaiah Easter 0-0: Ball
1-0: Fly out, F8 (Flyball, 8LXD, EV 99.4 MPH)
Runner from 3rd tags up, SCORES, no throw by CF
Batting: LHB Sean Banks 0-0: Called Strike
0-1: Ball
Wild Pitch!
Wayne Hattan to second
1-1: Ball
2-1: Swinging Strike
2-2: Ball
3-2: Strikes out swinging
Top of the 9th over - 1 run, 2 hits, 0 errors, 1 left on base; Bowling Green 10 - Lansing 8
BOTTOM OF THE 9TH
Lansing Lugnuts batting - Pitching for Bowling Green Hot Rods : RHP Bill Alicea
Pitching: LHP Ryan Folks
Now at 3B: Eric Waugaman
Batting: RHB John Michener 0-0: Called Strike
0-1: Called Strike
0-2: Strikes out swinging
Batting: RHB Raul de la Cruz 0-0: Called Strike
0-1: Called Strike
0-2: Ball
1-2: Foul Ball, location: 2F
1-2: Foul Ball, location: 2F
1-2: Ball
2-2: Foul Ball, location: 2F
2-2: Foul Ball, location: 2F
2-2: Ball
3-2: SOLO HOME RUN (Flyball, 7D, EV 94.4 MPH), Distance : 359 ft
Batting: RHB John Hering 0-0: Called Strike
0-1: Ball
1-1: Ground out 6-3 (Groundball, 56, EV 98.1 MPH)
Batting: SHB Gregg Whitecotton 0-0: Ball
1-0: Foul Ball, location: 2F
1-1: Foul Ball, location: 2F
1-2: Strikes out swinging
Bottom of the 9th over - 1 run, 1 hit, 0 errors, 0 left on base; Bowling Green 10 - Lansing 9
Tuesday, March 28th , 2023 - OOTP Baseball 23.10 Build 110